Map: Abyssal Reef LE

Players

SchNice - Winner!

  • Race: Terran Terran
  • League: Diamond
  • Spawn Location: 5:00

A.I. 1 (Very Easy)

  • Race: Terran Terran
  • Spawn Location: 11:00

VOD

Have the link to the VOD?

Description

Time

  • Played on: July 2, 2017, 5:27 p.m.
  • Length: 6:00
Show
View Real Time Build Order
Export as new Build Order

SchNice Terran - Winner!

Build Orders: Cyclone Opening, Reaper Expand 

Get SALT Encoding   

  12  0:00  SCV  
  13  0:12  SCV  
  14  0:17  Supply Depot  
  14  0:24  SCV  
  15  0:29  Refinery  
  15  0:38  SCV  
  16  0:47  Barracks  
  16  0:50  SCV  
  17  1:03  SCV  
  18  1:15  SCV  
  19  1:33  Orbital Command  
  19  1:34  Reaper  
  20  1:48  Command Center  
  20  2:01  SCV  
  21  2:03  Factory  
  21  2:08  Barracks Reactor  
  21  2:12  Refinery  
  21  2:15  SCV  
  21  2:22  Supply Depot  
  22  2:28  SCV  
  23  2:43  SCV  
  24  2:45  Marine x2  
  26  2:52  Cyclone  
  26  2:56  SCV  
  30  3:00  Starport  
  31  3:05  Marine  
  31  3:06  Marine  
  31  3:10  Orbital Command  
  31  3:12  SCV  
  33  3:23  Marine x2  
  33  3:24  SCV  
  36  3:27  Cyclone  
  39  3:35  SCV  
  39  3:36  Supply Depot  
  39  3:39  Medivac  
  42  3:43  SCV  
  42  3:45  Marine  
  42  3:46  Marine  
  45  3:48  SCV  
  45  3:54  Supply Depot  
  46  3:57  SCV  
  46  3:59  Widow Mine  
  46  4:00  SCV  
  50  4:04  Marine  
  50  4:09  SCV  
  52  4:10  Supply Depot  
  52  4:12  SCV  
  53  4:22  SCV, Viking  
  53  4:23  Engineering Bay  
  56  4:25  Marine x2  
  56  4:27  SCV  
  59  4:37  Barracks  
  59  4:38  Barracks  
  59  4:43  Marine x2  
  61  4:48  SCV x2  
  61  4:50  Supply Depot  
  63  4:53  Starport Reactor  
  63  4:54  Factory Tech Lab  
  63  5:00  SCV  
  63  5:06  SCV  
  65  5:07  Marine x2  
  65  5:10  Supply Depot  
  65  5:12  SCV  
  68  5:18  SCV  
  68  5:21  Refinery  
  72  5:24  SCV, Marine  
  72  5:25  Barracks Tech Lab  
  72  5:26  Supply Depot  
  74  5:30  SCV, Supply Depot  
  74  5:32  Barracks Reactor  
  77  5:36  SCV  
  80  5:44  SCV  
  82  5:59  Command Center  
Show
View Real Time Build Order
Export as new Build Order

A.I. 1 (Very Easy) Terran 

Build Orders:  

Get SALT Encoding   

  12  0:00  SCV  
  13  0:13  SCV  
  14  0:18  Supply Depot  
  14  0:37  Refinery  
  14  0:40  Barracks  
  14  1:04  Supply Depot  
  14  1:13  Refinery  
  14  1:27  Orbital Command  
  14  1:28  Marine  
  15  1:53  SCV  
  16  2:05  SCV  
  17  2:14  Barracks Tech Lab  
  17  2:17  SCV  
  18  2:29  SCV  
  19  2:32  Marine  
  19  2:41  SCV  
  20  2:54  SCV  
  21  3:18  Marine  
  22  4:05  Marauder  
  24  4:28  SCV  
  24  4:48  Marine  
  24  4:50  Supply Depot  
  21  5:00  SCV  
  15  5:12  SCV  
  8  5:17  Marauder  
Tags
 
Add a new tag
Caveats
  • Supply blocks, unpowered buildings, or Contaminate may cause inaccurate times.
  • Supply counts are checked every 10 seconds.